 Dungeon Crawl Stone Soup version 0.22-a0-824-g1ca9aab89c (console) character file.

23397 Lexodia the Grappler (level 12, -4/115 HPs)
             Began as a Troll Fighter on July 24, 2018.
             Was a Priest of Uskayaw.
             Slain by a seven-headed hydra (12 damage)
             ... on level 2 of the Lair of Beasts.
             The game lasted 00:29:47 (10813 turns).

Lexodia the Grappler (Troll Fighter)               Turns: 10813, Time: 00:29:48

Health: -4/115     AC:  8    Str: 35    XL:     12   Next: 71%
Magic:  15/15      EV: 16    Int:  4    God:    Uskayaw [***...]
Gold:   1248       SH: 13    Dex:  9    Spells: 11/11 levels left

rFire    + . .     SeeInvis .     - Unarmed
rCold    + . .     Gourm    +   b - +1 shield
rNeg     . . .     Faith    .   y - +0 robe "Okasi Lougio" {rC+ Str+4} (curse)
rPois    +         Spirit   .   (helmet restricted)
rElec    .         Reflect  .   z - +0 cloak (curse)
rCorr    .         Harm     .   (gloves unavailable)
MR       .....                  (boots unavailable)
Stlth    +.........             j - amulet of rage
HPRegen  0.69/turn              g - ring of poison resistance
MPRegen  0.14/turn              v - +4 ring of evasion

@: no status effects
A: large, unfitting armour, claws 3, slimy green scales 1, fire resistance 1,
fast metabolism 3, gourmand, low mp 1, regeneration 1, shaggy fur 1, tough skin
2
a: Stomp, Line Pass, Renounce Religion, Evoke Berserk Rage


You were on level 2 of the Lair of Beasts.
You worshipped Uskayaw.
Uskayaw was noncommittal.
You were completely stuffed.

You visited 4 branches of the dungeon, and saw 16 of its levels.

You collected 1248 gold pieces.

Inventory:

Missiles
 o - 5 javelins of penetration (quivered)
Armour
 a - a +0 robe
 b - a +1 shield (worn)
 y - the cursed +0 robe "Okasi Lougio" (worn) {rC+ Str+4}
   (You found it on level 5 of the Dungeon)

   It affects your strength (+4).
   It protects you from cold.
   It has a curse placed upon it.
 z - a cursed +0 cloak (worn)
Jewellery
 g - a ring of poison resistance (left claw)
 j - an amulet of rage (around neck)
 n - an uncursed ring of positive energy
 s - an uncursed amulet of guardian spirit
 v - a +4 ring of evasion (right claw)
 K - an uncursed ring of wizardry
Wands
 A - a wand of flame (13)
 B - a wand of acid (2)
 D - a wand of paralysis (4)
 L - a wand of enslavement (14)
 Q - a wand of clouds (1)
Scrolls
 h - 2 scrolls of random uselessness {unknown}
 k - 6 scrolls of amnesia
 m - 9 scrolls of remove curse
 p - 3 scrolls of blinking
 r - a scroll of enchant weapon
 t - 2 scrolls of magic mapping
 C - 3 scrolls of teleportation
 E - 3 scrolls of enchant armour
 H - a scroll of noise {unknown}
 N - 2 scrolls of identify
 O - a scroll of fear
 P - a scroll of fog {unknown}
Potions
 c - 4 potions of might
 e - a potion of magic
 f - 6 potions of heal wounds
 i - a potion of resistance {unknown}
 l - 5 potions of curing
 q - 3 potions of brilliance
 u - 3 potions of flight {unknown}
 w - a potion of berserk rage {unknown}
 F - 2 potions of lignification {unknown}
 G - a potion of agility
 J - a potion of haste {unknown}
Miscellaneous
 I - a sack of spiders
Comestibles
 d - 36 rations
 x - a chunk of flesh


   Skills:
 + Level 6.9 Fighting
 + Level 6.9 Dodging
 - Level 9.0 Shields
 * Level 12.8 Unarmed Combat
 * Level 7.9 Invocations
 - Level 4.0 Evocations


You had 11 spell levels left.
You didn't know any spells.
Your spell library contained the following spells:

 Spells                   Type           Power        Failure   Level  Hunger
 Apportation              Tloc           #.....       50%         1    ##.....
 Controlled Blink         Tloc           N/A          100%        8    #######
 Summon Small Mammal      Summ           #...         50%         1    ##.....
 Animate Skeleton         Necr           N/A          50%         1    ##.....
 Confusing Touch          Hex            #.....       50%         1    ##.....
 Dispersal                Tloc           #.........   100%        6    #######
 Portal Projectile        Hex/Tloc       #.....       86%         3    ####...
 Disjunction              Tloc           #.........   100%        8    #######
 Force Lance              Conj/Tloc      #.......     99%         4    #####..
 Gell's Gravitas          Tloc           #.........   86%         3    ####...


Dungeon Overview and Level Annotations

Branches:
Dungeon (12/15)            Temple (1/1) D:6            Lair (2/6) D:9
    Orc (1/2) D:10
  Swamp: Lair:2-4    Shoals: Lair:2-4     Snake: Lair:2-4    Spider: Lair:2-4

Altars:
Ashenzari
Cheibriados
Dithmenos
Elyvilon
Fedhas
Gozag
Hepliaklqana
Kikubaaqudgha
Makhleb
Nemelex Xobeh
Okawaru
Qazlal
Ru
Sif Muna
Trog
Uskayaw
Vehumet
Wu Jian
Xom
Yredelemnul
Zin
The Shining One

Portals:
Trove: D:10 (give +5 ice dragon scales)


Innate Abilities, Weirdness & Mutations

You are too large for most types of armour.
You have claws for hands.
Your metabolism is lightning-fast.
You like to eat raw meat.
Your natural rate of healing is unusually fast.
You are covered in fur. (AC +1)
You have very tough skin. (AC +2)
You are partially covered in slimy green scales. (AC +2)
Your flesh is heat resistant. (rF+)
Your magical capacity is low. (-10% MP)


Message History

Uskayaw prepares the audience for your solo!
Huge Dmg: -9%(-11hp) hp: 31%(35hp)
Press: ? - help, v - describe, . - travel
Here: a six-headed hydra (severely wounded, paralysed)
The floor.
The helpless six-headed hydra fails to defend itself.
You claw one of the six-headed hydra's heads off!
The five-headed hydra grows two more!
You mangle the seven-headed hydra!!
The seven-headed hydra is almost dead.
The four-headed hydra is no longer paralysed.
The seven-headed hydra is no longer paralysed.
The seven-headed hydra misses you. The seven-headed hydra bites you!
* * * LOW HITPOINT WARNING * * *
You block the seven-headed hydra's attack.
The seven-headed hydra bites you!
* * * LOW HITPOINT WARNING * * *
The seven-headed hydra bites you!
* * * LOW HITPOINT WARNING * * *
The seven-headed hydra bites you!
You die...

.................................
.......†..§§....(................
###........§§....................
###.##.##.§§...................
#########.#..................
##.(.....######...... #.......##
####.## ##DD....P# ### #.@....##
#P.......# #(......## #.......##
#......## .......# ......###
......##


You could see a seven-headed hydra and a four-headed hydra.

Vanquished Creatures
  4 hydras
  A two-headed ogre (D:10)
  An orc high priest (Orc:1)
  The ghost of kroki the Cleaver, a novice FoFi of Gozag (D:5)
  2 spiny frogs (Lair:1)
  A black mamba (Lair:1)
  2 komodo dragons
  2 trolls
  Prince Ribbit (D:7)
  5 blink frogs (Lair:1)
  2 dream sheep (D:8)
  4 hippogriffs (Lair:1)
  A shadow (D:9)
  A wyvern (D:9)
  19 yaks
  3 basilisks (D:9)
  3 vampire mosquitoes (D:12)
  Menkaure (D:7)
  A warg (D:10)
  2 acid dragons
  2 water moccasins
  4 porcupines
  2 ice beasts
  2 phantoms
  A swamp drake (D:9)
  6 sky beasts
  5 necrophages
  12 ogres
  11 orc warriors
  2 black bears
  A centaur (D:7)
  5 big kobolds
  A crocodile (D:11)
  A gnoll sergeant (D:11)
  10 bullfrogs
  A wyvern zombie (D:9)
  A water moccasin zombie (D:10)
  6 scorpions
  A water moccasin skeleton (D:8)
  19 killer bees
  5 wights (D:6)
  3 howler monkeys
  2 crimson imps
  A quasit (D:6)
  3 centaur zombies
  3 bullfrog zombies
  5 jellies
  3 centaur skeletons
  5 orc priests
  15 orc wizards
  A gnoll shaman (D:4)
  8 hounds
  3 iguanas
  Natasha (D:3)
  6 worker ants
  A killer bee zombie (D:6)
  2 hound zombies
  A hound skeleton (D:10)
  5 worker ant zombies
  16 gnolls
  2 howler monkey skeletons
  15 adders
  3 shadow imps
  An ooze (D:7)
  5 worms
  A dart slug (D:2)
  6 leopard geckos
  40 orcs
  3 giant cockroaches
  7 hobgoblins
  4 jackals
  9 quokkas
  3 ball pythons
  6 bats
  8 frilled lizards
  6 goblins
  14 kobolds
  A quokka skeleton (D:9)
  12 rats
  A bush (D:9)
386 creatures vanquished.

Vanquished Creatures (others)
  12 plants
12 creatures vanquished.

Grand Total: 398 creatures vanquished

Notes
Turn   | Place    | Note
-------+----------+-------------------------------------------
     0 | D:1      | Lexodia the Troll Fighter began the quest for the Orb.
     0 | D:1      | Reached XP level 1. HP: 22/22 MP: 0/0
   186 | D:1      | Reached XP level 2. HP: 28/29 MP: 1/1
   810 | D:3      | Reached XP level 3. HP: 36/36 MP: 2/2
   818 | D:3      | Paralysed by fainting for 6 turns
   824 | D:3      | Huge Dmg: 11 dmg
   835 | D:3      | Huge Dmg: 4 dmg
   874 | D:3      | Huge Dmg: 5 dmg
   875 | D:3      | Huge Dmg: 4 dmg
   877 | D:3      | Huge Dmg: 1 dmg
   881 | D:3      | Huge Dmg: 1 dmg
   883 | D:3      | Huge Dmg: 1 dmg
   885 | D:3      | Huge Dmg: 1 dmg
   887 | D:3      | Huge Dmg: 1 dmg
  1146 | D:2      | Reached skill level 3 in Unarmed Combat
  1234 | D:2      | Reached XP level 4. HP: 42/44 MP: 3/3
  1322 | D:2      | Found a glowing golden altar of the Shining One.
  1324 | D:2      | Found a hazy altar of Hepliaklqana.
  1710 | D:3      | Huge Dmg: 14 dmg
  1716 | D:3      | Huge Dmg: 6 dmg
  1717 | D:3      | HP: 2/44 [gnoll/spear (9)]
  1718 | D:3      | Huge Dmg: 8 dmg
  1718 | D:3      | Reached XP level 5. HP: 2/52 MP: 4/4
  1828 | D:3      | Noticed Natasha
  1834 | D:3      | Killed Natasha
  1837 | D:3      | Huge Dmg: 11 dmg
  1868 | D:3      | Gained mutation: Your magical capacity is low. (-10% MP) [potion of mutation]
  1868 | D:3      | Gained mutation: You are partially covered in slimy green scales. (AC +2) [potion of mutation]
  1868 | D:3      | Gained mutation: Your flesh is heat resistant. (rF+) [potion of mutation]
  1871 | D:3      | Found a radiant altar of Vehumet.
  1913 | D:3      | Huge Dmg: 16 dmg
  1915 | D:3      | Huge Dmg: 10 dmg
  1917 | D:3      | Huge Dmg: 6 dmg
  1936 | D:3      | Reached skill level 7 in Unarmed Combat
  1936 | D:3      | Reached XP level 6. HP: 51/61 MP: 4/4
  2043 | D:3      | Found a faded altar of an unknown god.
  2301 | D:4      | Reached skill level 8 in Unarmed Combat
  2301 | D:4      | Reached XP level 7. HP: 66/67 MP: 5/5
  2342 | D:4      | Reached skill level 1 in Evocations
  2618 | D:4      | Reached XP level 8. HP: 75/75 MP: 7/7
  2669 | D:4      | Huge Dmg: 16 dmg
  2845 | D:5      | Entered Level 5 of the Dungeon
  2976 | D:5      | Noticed kroki's ghost (novice FoFi)
  2979 | D:5      | Found a runed door.
  3635 | D:5      | Killed kroki's ghost
  3635 | D:5      | Reached skill level 9 in Unarmed Combat
  3635 | D:5      | Reached XP level 9. HP: 84/84 MP: 8/8
  3638 | D:5      | Huge Dmg: 42 dmg
  3788 | D:5      | Got a silken robe
  3911 | D:4      | Identified the cursed +0 robe "Okasi Lougio" {rC+ Str+4} (You found it on level 5 of the Dungeon)
  4068 | D:6      | Found a staircase to the Ecumenical Temple.
  4092 | D:6      | Huge Dmg: 42 dmg
  4747 | Temple   | Entered the Ecumenical Temple
  4910 | Temple   | Became a worshipper of Uskayaw the Reveler
  5002 | D:7      | Reached * piety under Uskayaw
  5006 | D:7      | Reached ** piety under Uskayaw
  5008 | D:7      | Noticed Prince Ribbit
  5016 | D:7      | Reached *** piety under Uskayaw
  5017 | D:7      | Killed Prince Ribbit
  5018 | D:7      | Reached **** piety under Uskayaw
  5020 | D:7      | Reached ***** piety under Uskayaw
  5203 | D:7      | Noticed Menkaure
  5210 | D:7      | Reached skill level 1 in Invocations
  5211 | D:7      | Killed Menkaure
  5743 | D:8      | Reached XP level 10. HP: 94/94 MP: 10/10
  5793 | D:8      | Huge Dmg: 27 dmg
  5794 | D:8      | Reached skill level 10 in Unarmed Combat
  5832 | D:8      | Noticed a three-headed hydra
  5837 | D:8      | Huge Dmg: 29 dmg
  5838 | D:8      | Huge Dmg: 7 dmg
  5841 | D:8      | Huge Dmg: 16 dmg
  5842 | D:8      | Killed a four-headed hydra
  5994 | D:8      | Reached skill level 5 in Fighting
  6106 | D:8      | Huge Dmg: 20 dmg
  6112 | D:8      | Reached skill level 5 in Dodging
  6797 | D:10     | Entered Level 10 of the Dungeon
  6797 | D:10     | Found a portal to a secret trove of treasure.
  7010 | D:9      | Found a blossoming altar of Fedhas.
  7062 | D:9      | Huge Dmg: 25 dmg
  7066 | D:9      | Huge Dmg: 15 dmg
  7086 | D:9      | Reached XP level 11. HP: 61/104 MP: 11/11
  7126 | D:9      | Found a staircase to the Lair.
  7412 | D:9      | Found an ancient bone altar of Kikubaaqudgha.
  7637 | D:10     | Reached skill level 11 in Unarmed Combat
  8095 | D:10     | Found a staircase to the Orcish Mines.
  8430 | D:10     | Reached skill level 5 in Invocations
  8463 | D:10     | Noticed a two-headed ogre
  8481 | D:10     | Huge Dmg: 15 dmg
  8482 | D:10     | Killed a two-headed ogre
  8681 | Orc:1    | Entered Level 1 of the Orcish Mines
  8681 | Orc:1    | Noticed an orc high priest
  8709 | Orc:1    | Huge Dmg: 14 dmg
  8709 | Orc:1    | Killed an orc high priest
  8712 | Orc:1    | Huge Dmg: 15 dmg
  8714 | Orc:1    | Huge Dmg: 8 dmg
  8753 | Orc:1    | Huge Dmg: 14 dmg
  8755 | Orc:1    | Huge Dmg: 20 dmg
  9511 | D:11     | Reached XP level 12. HP: 114/114 MP: 14/14
  9694 | D:12     | Noticed a four-headed hydra
  9707 | D:12     | Huge Dmg: 16 dmg
  9708 | D:12     | Huge Dmg: 18 dmg
  9709 | D:12     | Huge Dmg: 7 dmg
  9710 | D:12     | Killed a four-headed hydra
  9710 | D:12     | Reached skill level 12 in Unarmed Combat
  9815 | Lair:1   | Entered Level 1 of the Lair of Beasts
  9998 | Lair:1   | Huge Dmg: 18 dmg
  9998 | Lair:1   | Reached ****** piety under Uskayaw
 10026 | Lair:1   | Noticed a five-headed hydra
 10034 | Lair:1   | Huge Dmg: 19 dmg
 10036 | Lair:1   | Huge Dmg: 19 dmg
 10042 | Lair:1   | HP: 3/115 [six-headed hydra (11)]
 10043 | Lair:1   | Huge Dmg: 16 dmg
 10043 | Lair:1   | Killed a six-headed hydra
 10116 | Lair:1   | Huge Dmg: 15 dmg
 10117 | Lair:1   | Huge Dmg: 13 dmg
 10135 | Lair:1   | Huge Dmg: 29 dmg
 10784 | Lair:2   | Noticed a four-headed hydra
 10786 | Lair:2   | Noticed a six-headed hydra
 10791 | Lair:2   | Noticed a five-headed hydra
 10795 | Lair:2   | Huge Dmg: 24 dmg
 10806 | Lair:2   | Killed a five-headed hydra
 10813 | Lair:2   | Huge Dmg: 11 dmg
 10813 | Lair:2   | Slain by a seven-headed hydra

Vault maps used:
D:1:      eino_arrival_cavern_a
D:2:      minmay_wonky_spiral, minitemple, kennysheep_generic_room_5
D:3:      lemuel_round_altar, chequers_ecumenical_altar_simple, serial_glass,
          glass_columns_c, glass_columns_a, glass_columns_a, glass_columns_a,
          glass_columns_b, glass_columns_a, glass_columns_a, glass_columns_c,
          glass_columns_b, glass_columns_b, uniq_natasha
D:4:      first_ration, guppyfry_early_lair_pool
D:5:      hellmonk_ghost_happy_afterlife
D:6:      temple_statues, minmay_statues_item
D:7:      hangedman_cross_stitches, water_maze_lemuel, uniq_menkaure,
          uniq_prince_ribbit1
D:8:      hangedman_ranch
D:9:      cheibrodos_elevator_heist, overflow_temple_1_default,
          erik_lair_dragon, fedhas_altar_decomposition
D:10:     david_orc_1_choice, nicolae_trove_entry_crossroad
D:11:     hex_tiny, st_stairs_10
D:12:     minmay_the_grid_square_5x5_5x5_mashed, abandoned_shop
Temple:   regret_index_temple_mists
Lair:1:   eino_small_chamber_without_monster, st_stairs_12
Lair:2:   cheibrodos_lair_reptile_den

Skill      XL: |  1  2  3  4  5  6  7  8  9 10 11 12 |
---------------+-------------------------------------+-----
Shields        | 3 8 9 |  9.0
Unarmed Combat | 3 7 8 9 10 11 12 | 12.8
Fighting       | 3 4 5 6 |  6.9
Dodging        | 3 4 5 6 |  6.9
Evocations     | 1 2 3 4 |  4.0
Invocations    | 1 3 6 7 |  7.9

Action                   |  1- 3 |  4- 6 |  7- 9 | 10-12 || total
-------------------------+-------+-------+-------+-------++-------
Melee: Unarmed           |   142 |   116 |   279 |   569 ||  1106
Throw: Javelin           |       |       |       |     9 ||     9
Invok: Stomp             |       |       |       |    17 ||    17
       Line Pass         |       |       |       |     2 ||     2
 Abil: Evoke Berserk Rag |       |       |     2 |     1 ||     3
Evoke: Wand              |       |       |     1 |    17 ||    18
  Use: Scroll            |     6 |     6 |       |     4 ||    16
       Potion            |       |     5 |       |     2 ||     7
 Stab: Sleeping          |       |       |     1 |       ||     1
       Paralysed         |       |       |     3 |    34 ||    37
  Eat: Chunk             |    14 |    13 |    26 |    58 ||   111
Armor: Robe              |    33 |    31 |    30 |    71 ||   165
Dodge: Dodged            |    42 |    40 |    73 |   296 ||   451
Block: Shield            |    59 |    66 |   125 |   388 ||   638

Table legend:
 A = Spawn XP
 B = Non-spawn XP
 C = Spawn XP percentage of total XP
 D = Spawn monster count
 E = Non-spawn monster count
 F = Spawn count percentage of total count
 G = Total turns spent on level
                    A         B        C        D         E        F      G
               +---------+---------+-------+---------+---------+-------+---------
         Total |       0 |   33112 |   0.0 |       0 |     385 |   0.0 | 10813
               +---------+---------+-------+---------+---------+-------+---------
           D:1 |       0 |      19 |   0.0 |       0 |      14 |   0.0 |   701
           D:2 |       0 |      49 |   0.0 |       0 |      22 |   0.0 |   800
           D:3 |       0 |     326 |   0.0 |       0 |      41 |   0.0 |   793
           D:4 |       0 |    1028 |   0.0 |       0 |      31 |   0.0 |   597
           D:5 |       0 |    1099 |   0.0 |       0 |       9 |   0.0 |  1028
           D:6 |       0 |    1362 |   0.0 |       0 |      28 |   0.0 |   860
           D:7 |       0 |    1312 |   0.0 |       0 |      20 |   0.0 |   789
           D:8 |       0 |    3212 |   0.0 |       0 |      30 |   0.0 |   969
           D:9 |       0 |    4284 |   0.0 |       0 |      45 |   0.0 |   964
          D:10 |       0 |    4570 |   0.0 |       0 |      43 |   0.0 |  1138
          D:11 |       0 |    2832 |   0.0 |       0 |      48 |   0.0 |   632
          D:12 |       0 |    1574 |   0.0 |       0 |       5 |   0.0 |    23
        Lair:1 |       0 |    7722 |   0.0 |       0 |      29 |   0.0 |   913
        Lair:2 |       0 |    1897 |   0.0 |       0 |       6 |   0.0 |    85
         Orc:1 |       0 |    1826 |   0.0 |       0 |      14 |   0.0 |   348
               +---------+---------+-------+---------+---------+-------+---------
